 Seeded DCSS version 0.30.1-11-g7821555f0a (webtiles) character file.

Game seed: 929935791575926473 (custom seed)

3763 fireball365 the Cleaver (level 10, -22/88 HPs)
             Began as a Hill Orc Fighter on Nov 26, 2023.
             Was an Initiate of Gozag.
             Annihilated by an orc warlord
             ... wielding a +5 battleaxe
              (27 damage)
             ... in a bailey.
             The game lasted 00:14:08 (7054 turns).

fireball365 the Cleaver (Hill Orc Fighter)          Turns: 7054, Time: 00:14:09

Health: -22/88     AC: 21    Str: 24    XL:     10   Next: 15%
Magic:  10/10      EV: 10    Int:  8    God:    Gozag
Gold:   635        SH:  5    Dex: 10    Spells: 9/9 levels left

rFire   . . .        a - +0 war axe
rCold   . . .        c - +0 buckler
rNeg    + . .        I - +0 pearl dragon scales
rPois   .            p - +0 helmet
rElec   .            F - +2 cloak
rCorr   .            (no gloves)
SInv    +            (no boots)
Will    .....        m - amulet "Ompiun" {RegenMP SInv} Stlth
                     f - +4 ring of protection
HPRegen 0.34/turn    (no ring)
MPRegen 0.52/turn

%: no passive effects
@: gold aura
A: no striking features
a: Renounce Religion, Potion Petition, Call Merchant, Bribe Branch


You were in a bailey.
You worshipped Gozag.
Gozag was pleased with you.
You visited 2 branches of the dungeon, and saw 8 of its levels.
You also visited: Sewer and Bailey.

You collected 752 gold pieces.
You paid 117 gold pieces to Gozag.

Inventory:

Hand Weapons
 a - a +0 war axe (weapon)
 D - a +1 heavy scimitar
Missiles
 B - a throwing net (quivered)
Armour
 b - a +0 scale mail
 c - a +0 buckler (worn)
 j - a +0 plate armour
 p - a +0 helmet (worn)
 F - a +2 cloak (worn)
 I - +0 pearl dragon scales (worn)
Jewellery
 f - a +4 ring of protection (left hand)
 m - the amulet "Ompiun" (around neck) {RegenMP SInv}
   (You found it on level 2 of the Dungeon)

   [amulet of magic regeneration]

   It increases your rate of magic regeneration.
   SInv:      It lets you see invisible.
Wands
 s - a wand of flame (8)
 C - a wand of acid (12)
 H - a wand of polymorph (4)
Scrolls
 e - 4 scrolls of summoning
 h - a scroll of blinking
 i - 2 scrolls of silence {unknown}
 k - 2 scrolls of poison
 l - a scroll of enchant weapon {unknown}
 n - 2 scrolls of magic mapping
 w - 3 scrolls of teleportation
 y - 2 scrolls of fog
 A - a scroll of immolation {unknown}
 E - a scroll of acquirement {unknown}
Potions
 d - 2 potions of might
 g - 2 potions of heal wounds
 o - a potion of attraction {unknown}
 q - 4 potions of invisibility {unknown}
 r - 3 potions of haste
 t - 2 potions of cancellation {unknown}
 u - a potion of curing {unknown}
 v - a potion of mutation {unknown}
 x - 3 potions of berserk rage
 z - 3 potions of lignification
 G - a potion of magic {unknown}


   Skills:
 + Level 8.0 Fighting
 + Level 13.5 Axes
 + Level 7.2 Armour
 + Level 1.4 Dodging
 + Level 6.1 Shields


You had 9 spell levels left.
You didn't know any spells.
Your spell library contained the following spells:

 Spells                   Type           Power      Damage    Failure   Level
 Necrotise                Necr           0%         1d4       80%         1
 Vampiric Draining        Necr           0%         2d6       99%         3
 Agony                    Necr           0%         N/A       100%        5
 Borgnjor's Revivificati  Necr           0%         N/A       100%        8
 Necromutation            Tmut/Necr      0%         N/A       100%        8
 Death's Door             Necr           0%         N/A       100%        9


Dungeon Overview and Level Annotations

Branches:
Dungeon (7/15)             Temple (1/1) D:6           Sewer (visited)
 Bailey (1/1)

Altars:
Ashenzari
Dithmenos
Elyvilon
Gozag
Hepliaklqana
Kikubaaqudgha
Makhleb
Nemelex Xobeh
Okawaru
Ru
Sif Muna
Trog
Uskayaw
Wu Jian
Xom
Zin
The Shining One

Shops:
D:7 [

Annotations:
Temple 2 transporters


Message History

The orc warrior hits you with a +0 hand axe!
You slash the orc warrior!
You kill the orc warrior!
Your Fighting skill increases to level 8!
You slash the gnoll!
You kill the gnoll!
You barely miss the orc warrior.
The orc warrior is lightly wounded.
You slash the orc warrior!
The orc warrior is heavily wounded.
The orc warrior hits you but does no damage.
The orc warlord is distracted by your dazzling golden aura.
You barely miss the orc warrior.
The orc warrior is heavily wounded.
The orc warlord shouts!
The orc warlord is no longer distracted by gold.
The orc warrior hits you with a +0 war axe!!
* * * LOW HITPOINT WARNING * * *
You slash the orc warrior!
The orc warrior is almost dead.
The orc warrior hits you with a +0 war axe!
* * * LOW HITPOINT WARNING * * *
You hit the orc warrior.
You kill the orc warrior!
You hit the hobgoblin but do no damage.
The orc warrior no longer looks unusually strong.
You block the hobgoblin's attack.
You hit the hobgoblin.
The hobgoblin is severely wounded.
The hobgoblin hits you but does no damage.
The orc warlord roars a battlecry!
The orc warrior goes into a battle-frenzy!
You slash the hobgoblin!
You kill the hobgoblin!
The orc warrior hits you with a +0 war axe!
* * * LOW HITPOINT WARNING * * *
The orc warrior barely misses you.
The orc warlord hits you with a +5 battleaxe!!
You die...
Your body crumbles into a pile of gold.

..........#...........#
))........#...........#
.).......###.........###
'#.....###.###.....#'#)###
.###.###
....###.###)))..### ...###
......###...).....##
....#$$
......##8..........#
....#$$
......o#8..........# ....#
$ .....go@.....⌠....∩#
....#$$
......o#8..........#
....#$$
......##8..........#
...###
......###.........##
.###.###
....###.###.....###
+#.....###.###.....#'#.###
.........###......)))###
..........#...........#
..........#...........#


You could see an orc warlord, 2 orc warriors and a goblin.

Vanquished Creatures
  An orc knight (Bailey)
  Maggie (D:6)
  Grinder (D:6)
  Sigmund (D:4)
  Eustachio (D:6)
  Menkaure (D:4)
  A water moccasin (D:5)
  8 orc warriors (Bailey)
  A sky beast (D:6)
  A black bear (D:5)
  A centaur (D:6)
  3 kobold brigands (Sewer)
  A bullfrog (D:7)
  2 scorpions
  A howler monkey (D:5)
  An orc priest (D:4)
  Crazy Yiuf (D:2)
  2 hounds
  A jelly (D:6)
  A sleepcap (D:7)
  A gnoll bouda (D:5)
  Ijyb (D:3)
  3 iguanas
  3 orc wizards
  Robin (D:2)
  15 gnolls
  14 adders
  3 river rats (Sewer)
  3 worms
  2 dart slugs
  26 orcs
  9 bats
  5 endoplasms
  5 giant cockroaches
  14 hobgoblins
  9 jackals
  7 quokkas
  6 ball pythons
  4 frilled lizards
  25 goblins
  7 kobolds
  7 rats
201 creatures vanquished.

Notes
Turn   | Place    | Note
-------+----------+-------------------------------------------
     0 | D:1      | fireball365 the Hill Orc Fighter began the quest for the
                  | Orb.
     0 | D:1      | Reached XP level 1. HP: 19/19 MP: 1/1
   406 | D:1      | Reached skill level 3 in Axes
   534 | D:2      | Reached XP level 2. HP: 27/27 MP: 2/2
   782 | D:2      | Reached XP level 3. HP: 33/33 MP: 3/3
   825 | D:2      | Identified the amulet "Ompiun" {RegenMP SInv}
   917 | D:2      | Noticed Robin
   928 | D:2      | Killed Robin
   929 | D:2      | Reached skill level 4 in Axes
   978 | D:2      | Found a runed translucent door.
   979 | D:2      | Noticed Crazy Yiuf
  1324 | D:2      | Killed Crazy Yiuf
  1325 | D:2      | Reached XP level 4. HP: 30/40 MP: 4/4
  1518 | D:3      | Noticed Ijyb
  1534 | D:3      | Killed Ijyb
  1535 | D:3      | Reached skill level 5 in Axes
  1535 | D:3      | Reached XP level 5. HP: 24/46 MP: 5/5
  1628 | D:3      | Found a faded altar of an unknown god.
  2484 | D:4      | Reached skill level 6 in Axes
  2595 | D:4      | Reached XP level 6. HP: 47/53 MP: 6/6
  2620 | D:4      | Found a white marble altar of Elyvilon.
  2656 | D:4      | Found a glowing drain.
  2658 | D:4      | Noticed Menkaure
  2664 | D:4      | Reached skill level 7 in Axes
  2689 | D:4      | Killed Menkaure
  2690 | D:4      | Reached skill level 5 in Fighting
  2690 | D:4      | Reached XP level 7. HP: 48/61 MP: 7/7
  2698 | Sewer    | Entered a sewer
  2828 | Sewer    | Reached skill level 8 in Axes
  3586 | D:4      | Noticed Sigmund
  3605 | D:4      | Killed Sigmund
  3606 | D:4      | Reached skill level 9 in Axes
  3606 | D:4      | Reached skill level 5 in Armour
  3606 | D:4      | Reached XP level 8. HP: 69/69 MP: 8/8
  4229 | D:5      | Entered Level 5 of the Dungeon
  4915 | D:5      | Reached skill level 10 in Axes
  5342 | D:6      | Noticed Grinder
  5350 | D:6      | Reached skill level 5 in Shields
  5353 | D:6      | Noticed Maggie
  5360 | D:6      | Killed Grinder
  5361 | D:6      | Reached skill level 11 in Axes
  5361 | D:6      | Reached XP level 9. HP: 35/78 MP: 9/9
  5371 | D:6      | HP: 2/78 [Maggie/+1 heavy scimitar (6)]
  5375 | D:6      | Killed Maggie
  5595 | D:6      | Found a bloodstained altar of Trog.
  5628 | D:6      | Found a staircase to the Ecumenical Temple.
  5672 | Temple   | Entered the Ecumenical Temple
  5672 | Temple   | Found a transporter.
  5672 | Temple   | Found a transporter.
  5674 | Temple   | Found a transporter.
  5674 | Temple   | Found a transporter.
  5699 | Temple   | Became a worshipper of Gozag Ym Sagoz the Greedy
  5743 | D:6      | Noticed Eustachio
  5760 | D:6      | Killed Eustachio
  5977 | D:6      | Found a sacrificial altar of Ru.
  5983 | D:6      | Found a shadowy altar of Dithmenos.
  5986 | D:6      | Found a shimmering blue altar of Sif Muna.
  6291 | D:7      | Found Ocotwi's Antique Armour Shoppe.
  6402 | D:7      | Reached skill level 12 in Axes
  6425 | D:7      | Found a flagged portal.
  6457 | Bailey   | Entered a bailey
  6754 | Bailey   | Noticed an orc knight
  6769 | Bailey   | Killed an orc knight
  6770 | Bailey   | Reached skill level 13 in Axes
  6770 | Bailey   | Reached skill level 1 in Dodging
  6785 | Bailey   | Reached XP level 10. HP: 39/88 MP: 10/10
  7018 | Bailey   | Noticed an orc warlord
  7054 | Bailey   | Annihilated by an orc warlord

Illustrated notes

Levels and vault maps discovered:
D:1:      wander_arrival_chamber, layout_rooms
D:2:      layout_loops_cross, uniq_robin, uniq_crazy_yiuf_cottage
D:3:      layout_basic, serial_rivers, chequers_serial_rivers_marsh,
          chequers_serial_rivers_marsh, chequers_serial_rivers_small_3,
          chequers_serial_rivers_micro_a, chequers_serial_rivers_large_a,
          chequers_serial_rivers_small_3, chequers_ecumenical_altar_island,
          kennysheep_cross_room, uniq_ijyb
D:4:      minmay_wonky_spiral, layout_loops_ring, elyvilon_altar_5,
          gup_sewer_entry_glass, uniq_sigmund, uniq_menkaure
D:5:      layout_loops_corners
D:6:      layout_rooms, marbit_many_paths, minitemple,
          minmay_temple_entry_steel_oval, uniq_maggie, uniq_grinder,
          uniq_eustachio
D:7:      layout_basic, serial_shops,
          nicolae_shop_temple_entry_statues_fountains, enter_bailey_4
Temple:   hellmonk_temple_divided_pantheon
Bailey:   bailey_axe_minmay_hex_keep, bailey

Skill      XL: |  1  2  3  4  5  6  7  8  9 10 |
---------------+-------------------------------+-----
Axes           | 3 4 5 6 7 9 11 13 | 13.5
Fighting       | 4 5 6 7 8 |  8.0
Armour         | 4 5 6 7 |  7.2
Shields        | 4 5 6 |  6.1
Dodging        | 1 |  1.4

Action                     |  1- 3 |  4- 6 |  7- 9 | 10-12 || total
---------------------------+-------+-------+-------+-------++-------
  Melee: War axe           |    80 |   116 |   453 |    58 ||   707
  Evoke: Wand              |       |       |     1 |       ||     1
    Use: Scroll            |       |     8 |     5 |       ||    13
         Potion            |       |       |     2 |       ||     2
 Armour: Scale mail        |     9 |       |       |       ||     9
         Plate armour      |    61 |   105 |   240 |       ||   406
         Pearl dragon scal |       |       |    34 |    17 ||    51
  Dodge: Dodged            |    24 |    54 |   152 |    11 ||   241
  Block: Buckler           |    19 |    28 |   114 |    12 ||   173
